 Dungeon Crawl Stone Soup version 0.30-a0-782-ge64f9170bb (webtiles) character file.

Game seed: 1961707891179652099

31 mopl the Sneak (level 3, -2/24 HPs)
             Began as an Octopode Brigand on Feb 27, 2023.
             Slain by Sigmund
             ... wielding a +0 scythe
              (8 damage)
             ... on level 2 of the Dungeon.
             The game lasted 00:01:08 (917 turns).

mopl the Sneak (Octopode Brigand)                    Turns: 917, Time: 00:01:09

Health: -2/24      AC:  1    Str: 10    XL:     3   Next: 22%
Magic:  3/3        EV: 12    Int: 15    God:
Gold:   89         SH:  0    Dex: 13    Spells: 2/2 levels left

rFire   . . .      SeeInvis .    a - +2 dagger
rCold   . . .      Faith    .    (no shield)
rNeg    . . .      Spirit   .    (helmet restricted)
rPois   .          Reflect  .    (no amulet)
rElec   .          Harm     .    n - ring of willpower
rCorr   .          Rampage  .    (no ring)
Will    +....                    (no ring)
Stlth   ++++                     (no ring)
HPRegen 0.24/turn                (no ring)
MPRegen 0.08/turn                (no ring)
                                 (no ring)
                                 (no ring)

@: no status effects
A: almost no armour, amphibious, 8 rings, camouflage 1, gelatinous body 1,
(nimble swimmer 1), tentacles
a: no special abilities


You were on level 2 of the Dungeon.
You visited 1 branch of the dungeon, and saw 2 of its levels.

You collected 89 gold pieces.

Inventory:

Hand Weapons
 a - a +2 dagger (weapon)
Missiles
 b - 9 poisoned darts (quivered)
 c - 3 curare-tipped darts
Magical Staves
 p - a staff of fire
Jewellery
 n - a ring of willpower (left tentacle)
Scrolls
 f - 2 scrolls of noise {unknown}
 h - a scroll of amnesia {unknown}
 i - a scroll of brand weapon {unknown}
 j - 2 scrolls of identify {unknown}
 k - a scroll of teleportation {unknown}
Potions
 d - a potion of lignification {unknown}
 e - a potion of berserk rage {unknown}
 g - a potion of mutation {unknown}
 l - a potion of might {unknown}
 m - a potion of curing {unknown}
 o - 2 potions of flight {unknown}


   Skills:
 - Level 2.0 Fighting
 + Level 2.5 Short Blades
 + Level 2.5 Throwing
 - Level 1.0 Dodging
 + Level 5.8 Stealth
 + Level 0.3 Spellcasting


You had 2 spell levels left.
You didn't know any spells.
Your spell library contained the following spells:

 Spells                   Type           Power      Damage    Failure   Level
 Freeze                   Ice            0%         1d3       26%         1
 Dazzling Flash           Conj/Hex       0%         N/A       61%         3
 Frozen Ramparts          Ice            0%         1d1       61%         3
 Hailstorm                Conj/Ice       0%         3d3       61%         3
 Portal Projectile        Hex/Tloc       0%         N/A       61%         3
 Tukima's Dance           Hex            0%         N/A       61%         3
 Iskenderun's Mystic Bla  Conj/Tloc      0%         2d3       95%         4
 Blade Hands              Tmut           0%         N/A       100%        5
 Starburst                Conj/Fire      0%         6d3       100%        6


Dungeon Overview and Level Annotations

Branches:
Dungeon (2/15)

Altars:

Annotations:
D:2 1 runed translucent door, Crazy Yiuf, Sigmund


Innate Abilities, Weirdness & Mutations

You cannot wear most types of armour.
You are amphibious.
You can wear up to eight rings at the same time.
Your skin changes colour to match your surroundings (Stealth+).
Your rubbery body absorbs attacks. (AC +1, EV +1)
((You are camouflaged when in or above water. (Stealth+)))
You have tentacles for arms and can constrict up to eight enemies at once.


Message History

You see here an emerald potion.
A worm comes into view.
The ball python hisses angrily.
The hobgoblin shouts!
Sigmund the Dreaded comes into view.
He is wielding a +0 scythe.
The ball python bites you but does no damage.
The ball python completely misses you. x2; The ball python grabs you.
The ball python constricts you.
Sigmund shouts!
You hit the ball python. Your grab misses the ball python.
The ball python is severely wounded.
The hobgoblin hits you.
You closely miss the ball python. You grab the ball python.
The ball python is severely wounded.
You constrict the ball python.
You kill the ball python!
The hobgoblin barely misses you.
You hit the hobgoblin. Your grab misses the hobgoblin.
The hobgoblin is almost dead.
You closely miss the hobgoblin. You grab the hobgoblin.
The hobgoblin is almost dead.
You constrict the hobgoblin, but do no damage.
Sigmund hits you from afar with a +0 scythe.
The hobgoblin completely misses you.
You hit the hobgoblin.
You kill the hobgoblin!
Sigmund hits you with a +0 scythe!
* * * LOW HITPOINT WARNING * * *
You are too injured to fight recklessly!
You are too injured to fight recklessly!
You are too injured to fight recklessly!
You are too injured to fight recklessly!
You are too injured to fight recklessly!
You are too injured to fight recklessly!
You are too injured to fight recklessly!
You are too injured to fight recklessly!
You are too injured to fight recklessly!
You are too injured to fight recklessly!
A worm comes into view.
Sigmund hits you from afar with a +0 scythe!
You die...

#######.....
.........### .
#######.## ..
#####..# ...
########.....##
..w.
#........#####
.....##......### #
.w........!.###..
#
########@........#
#
#.....@......###.#
# #......†.....# #
#................
#
#.......###.####.
# #........ ..# #
#........ ...
#.......# #..
######### #..


You could see Sigmund and 2 worms.

Vanquished Creatures
  2 ball pythons
  3 endoplasms
  A giant cockroach (D:1)
  3 goblins (D:1)
  8 hobgoblins
  2 jackals (D:2)
  A quokka (D:2)
  A bat (D:1)
  3 frilled lizards
  A kobold (D:1)
  2 rats
27 creatures vanquished.

Notes
Turn   | Place    | Note
-------+----------+-------------------------------------------
     0 | D:1      | mopl the Octopode Brigand began the quest for the Orb.
     0 | D:1      | Reached XP level 1. HP: 14/14 MP: 1/1
   216 | D:1      | Reached XP level 2. HP: 19/19 MP: 2/2
   767 | D:2      | Reached XP level 3. HP: 21/24 MP: 3/3
   869 | D:2      | Found a runed translucent door.
   870 | D:2      | Noticed Crazy Yiuf
   909 | D:2      | Noticed Sigmund
   917 | D:2      | Slain by Sigmund

Illustrated notes

Levels and vault maps discovered:
D:1:      minmay_arrival_four_loops, layout_basic, corner_web_ring,
          minmay_misc_feat_nine_boxes
D:2:      layout_rooms, kennysheep_generic_room_3, uniq_sigmund,
          uniq_crazy_yiuf_cottage

Action                     || total
---------------------------++-------
  Melee: Dagger            ||    42
         Tentacles         ||     8
         Constrict         ||     9
   Stab: Sleeping          ||    11
 Armour: Skin              ||     4
  Dodge: Dodged            ||    18

Table legend: (Time is in decaauts)
 A = Elapsed time spent in this place.
 B = Non-inter-level travel time spent in this place.
 C = Inter-level travel time spent in this place.
 D = Time resting spent in this place.
 E = Time spent auto-exploring this place.
 F = Levels seen in this place.
 G = Mean time per level.
                   A        B        C        D        E       F      G
               +--------+--------+--------+--------+--------+-----+--------+
         Total |    911 |    887 |     24 |      0 |    705 |   2 |  455.5 |
       Dungeon |    911 |    887 |     24 |      0 |    705 |   2 |  455.5 |
               +--------+--------+--------+--------+--------+-----+--------+

Top non-repeatable levels by time:
     D:1: 711 daAuts
     D:2: 200 daAuts
